[Event "FIDE World Rapid Chess Championship 2021"]
[White "Ponkratov, Pavel"]
[Black "Erigaisi, Arjun"]
[WhiteFideId "4157800"]
[BlackFideId "35009192"]
[WhiteElo "2614"]
[BlackElo "2397"]
[Result "0-1"]
[Round "01"]
[TimeControl "900+10"]
[Date "2021.12.26"]
[WhiteClock "0:00:13"]
[BlackClock "0:00:39"]

1. d4 d5 2. c4 e6 3. Nc3 Bb4 4. e3 Nf6 5. Bd3 c5 6. Ne2 cxd4 7. exd4 Nc6 8. cxd5 Nxd5 9. O-O Be7 10. Bc2 O-O 11. Qd3 g6 12. Bb3 Ncb4 13. Qf3 Bd7 14. Bh6 Re8 15. Ne4 Bb5 16. Rfd1 Rc8 17. a3 Bxe2 18. Qxe2 Nc6 19. Nc3 Nxc3 20. bxc3 Bg5 21. Bxg5 Qxg5 22. Rd3 Ne7 23. Re1 Nd5 24. Qf3 Qf4 25. c4 Qxf3 26. Rxf3 Nb6 27. c5 Nd7 28. Kf1 Kg7 29. Rb1 Nf6 30. Bd1 Red8 31. Rb4 Rc7 32. Rfb3 b6 33. cxb6 axb6 34. Bf3 Rc2 35. Rb2 Rc1+ 36. Ke2 Ra1 37. a4 Ra3 38. h4 Rd6 39. Rc4 h6 40. Bc6 Nd5 41. g3 g5 42. hxg5 hxg5 43. Bxd5 exd5 44. Rcb4 Re6+ 45. Kf1 Re4 46. Rxb6 Rxa4 47. R2b5 Raxd4 48. Rd6 Re5 49. Rb2 g4 50. Kg2 Re6 51. Rd7 Kg6 52. Rb8 Rf6 53. Rb2 Kg5 54. Re2 Re6 55. Ra2 f6 56. Ra5 Re5 57. Ra6 Rd2 58. Rg7+ Kf5 59. Ra4 d4 60. Ra6 Rd1 61. Rf7 Re6 62. Ra5+ Kg6 63. Rf8 Kg7 64. Raa8 Re4 65. Rfd8 d3 66. Ra2 Kg6 67. Rg8+ Kf7 68. Raa8 d2 69. Raf8+ Ke6 70. Rd8 Ra4 71. Rge8+ Kf5 72. Rd5+ Kg6 73. Rg8+ Kf7 74. Rdd8 Raa1 75. Rgf8+ Kg6 0-1


[Site "http://www.Chess.com"]

[Event "FIDE World Rapid Chess Championship 2021"]
[White "Donchenko, Alexander"]
[Black "Nakamura, Hikaru"]
[WhiteFideId "24603295"]
[BlackFideId "2016192"]
[WhiteElo "2535"]
[BlackElo "2836"]
[Result "0-1"]
[Round "01"]
[TimeControl "900+10"]
[Date "2021.12.26"]
[WhiteClock "0:00:11"]
[BlackClock "0:01:46"]

1. c4 e5 2. g3 Nf6 3. Bg2 d5 4. cxd5 Nxd5 5. Nf3 Nc6 6. O-O Nb6 7. b3 Be6 8. Bb2 f6 9. Nc3 Qd7 10. Qc1 Nd5 11. Ne4 O-O-O 12. d4 Bf5 13. Nh4 exd4 14. Rd1 Bh3 15. Bh1 Bb4 16. a3 Ba5 17. Nf3 Bb6 18. Qc2 Nde7 19. b4 Nf5 20. Nc5 Bxc5 21. Qxc5 Qd6 22. Qc2 Qe6 23. Rd3 Rhe8 24. b5 Ne5 25. Nxd4 Qc4 26. Rc3 Nxd4 27. Rxc4 Nxc2 28. Rxc2 Kb8 29. Rac1 Rd7 30. Be4 h5 31. a4 Red8 32. f3 Nf7 33. Kf2 Be6 34. a5 Nd6 35. Bd3 Bf5 36. e4 Be6 37. Be2 b6 38. axb6 axb6 39. e5 fxe5 40. Bxe5 g6 41. Bf1 Rf7 42. f4 Bd5 43. Kg1 Rdd7 44. Rd2 Be4 45. Bh3 Nf5 46. Re2 Bf3 47. Rec2 Be4 48. Rc3 Kb7 49. Re1 Bd5 50. Rd1 Be4 51. Re1 Bd5 52. Ra1 Kc8 53. Rd1 Be4 54. Rdc1 Kb8 55. Ra3 Rd2 56. Rac3 Nd4 57. Bxd4 Rxd4 58. Bg2 Bxg2 59. Kxg2 Rb4 60. Rc6 Rg7 61. Kh3 Rxb5 62. Kh4 Rd5 63. h3 Kb7 64. Re6 b5 65. Re5 Rxe5 66. fxe5 Re7 67. Re1 Kc6 68. Kg5 Kd5 69. Kxg6 Rxe5 70. Rd1+ Ke6 71. g4 hxg4 72. hxg4 c5 73. g5 Re2 74. Rb1 b4 75. Kh6 Rh2+ 76. Kg7 Rh3 77. g6 b3 78. Rc1 Kd5 79. Rg1 b2 80. Rb1 Rh2 81. Kf7 Rf2+ 82. Ke8 Rg2 83. g7 Rxg7 0-1


[Site "http://www.Chess.com"]

[Event "FIDE World Rapid Chess Championship 2021"]
[White "Vastrukhin, Oleg"]
[Black "Hovhannisyan, Robert"]
[WhiteFideId "4192770"]
[BlackFideId "13302507"]
[WhiteElo "2382"]
[BlackElo "2613"]
[Result "1/2-1/2"]
[Round "01"]
[TimeControl "900+10"]
[Date "2021.12.26"]
[WhiteClock "0:00:39"]
[BlackClock "0:00:45"]

1. Nf3 d5 2. g3 Bg4 3. Ne5 Bf5 4. d4 e6 5. Bg2 Nf6 6. O-O Nbd7 7. c4 c6 8. Nc3 Be7 9. Qb3 Qb6 10. Nxd7 Nxd7 11. e4 dxe4 12. Nxe4 Rd8 13. Be3 Qxb3 14. axb3 a6 15. h3 Bxe4 16. Bxe4 f5 17. Bg2 Nf6 18. Rfe1 Kf7 19. Bf3 Rd7 20. Kg2 h5 21. Re2 g6 22. Bg5 Rxd4 23. Rae1 Ne4 24. Bxe7 Kxe7 25. Bxe4 fxe4 26. Rxe4 Rxe4 27. Rxe4 c5 28. Kf3 Rd8 29. Ke2 Rd6 30. Re3 a5 31. h4 Kf6 32. Rd3 Rb6 33. Rf3+ Ke5 34. Re3+ Kf5 35. Kd2 a4 36. Rf3+ Ke4 37. Re3+ Kf5 38. Rf3+ Kg4 39. Rf4+ Kh3 40. bxa4 Rxb2+ 41. Ke3 Ra2 42. Ke4 Rxa4 43. Ke5 Ra6 44. Rf6 Kg2 45. Rxg6 Kxf2 46. g4 Ra4 47. Rf6+ Ke3 48. Rf4 hxg4 49. Rxg4 b5 50. h5 bxc4 51. h6 Ra8 52. Rxc4 Rh8 53. Rh4 Kd3 54. Rh3+ Kc4 55. Kxe6 Kb4 56. Kf7 c4 57. Kg7 Rxh6 58. Kxh6 c3 59. Rxc3 1/2-1/2


[Site "http://www.Chess.com"]

[Event "FIDE World Rapid Chess Championship 2021"]
[White "Duda, Jan-Krzysztof"]
[Black "Gabuzyan, Hovhannes"]
[WhiteFideId "1170546"]
[BlackFideId "13303732"]
[WhiteElo "2801"]
[BlackElo "2535"]
[Result "1-0"]
[Round "01"]
[TimeControl "900+10"]
[Date "2021.12.26"]
[WhiteClock "0:01:42"]
[BlackClock "0:02:26"]

1. d4 Nf6 2. c4 c5 3. d5 e6 4. Nc3 d6 5. e4 g6 6. Be3 Bg7 7. f3 O-O 8. Qd2 exd5 9. cxd5 Nbd7 10. Nh3 Nh5 11. Be2 Ne5 12. Nf2 f5 13. f4 Ng4 14. Nxg4 fxg4 15. O-O Bd7 16. g3 Re8 17. e5 dxe5 18. fxe5 Bxe5 19. d6 Bc6 20. Bxc5 b6 21. Ba3 Nf6 22. Rae1 Kg7 23. Bb5 Bxc3 24. Qxc3 Bxb5 25. Re7+ Qxe7 26. dxe7 Bxf1 27. Kxf1 Rac8 28. Qd3 Rc1+ 29. Kf2 Rc6 30. Ke3 Re6+ 31. Kd2 Ne4+ 32. Kc2 Nc5 33. Qd4+ Kg8 34. b4 Ne4 35. b5 Kf7 36. Kb3 h5 37. Qd7 R8xe7 38. Bxe7 Rxe7 39. Qd5+ Kg7 40. Qd4+ Kh7 41. Kc4 Rc7+ 42. Kb4 Nc5 43. Qf6 Nd3+ 44. Kb3 Nc5+ 45. Kb4 Nd3+ 46. Ka3 Nc5 47. Qf8 Rd7 48. Kb4 Rd4+ 49. Kc3 Ra4 50. Qf7+ Kh6 51. Qg8 Kg5 52. Qf8 Ne4+ 53. Kb3 Nc5+ 54. Qxc5+ bxc5 55. Kxa4 Kf5 56. Kb3 Ke4 57. Kc4 Kf3 58. a4 h4 59. gxh4 Kg2 60. a5 Kxh2 61. b6 axb6 62. axb6 g3 63. b7 g2 64. b8=Q+ Kh3 65. Qb1 1-0


[Site "http://www.Chess.com"]

[Event "FIDE World Rapid Chess Championship 2021"]
[White "Efimenko, Zahar"]
[Black "Martirosyan, Haik M."]
[WhiteFideId "14107201"]
[BlackFideId "13306553"]
[WhiteElo "2609"]
[BlackElo "2377"]
[Result "1/2-1/2"]
[Round "01"]
[TimeControl "900+10"]
[Date "2021.12.26"]
[WhiteClock "0:00:54"]
[BlackClock "0:00:46"]

1. Nf3 Nf6 2. g3 d5 3. Bg2 e6 4. O-O Be7 5. c4 O-O 6. b3 b6 7. Bb2 Bb7 8. cxd5 Nxd5 9. d4 Nd7 10. Nbd2 N5f6 11. Rc1 c5 12. Nc4 Rc8 13. Nfe5 Bxg2 14. Kxg2 Qc7 15. Nxd7 Qxd7 16. dxc5 Qb7+ 17. f3 Rxc5 18. Bxf6 gxf6 19. Nd6 Qc6 20. Rxc5 Qxc5 21. Ne4 Qb5 22. Qc2 f5 23. Nf2 Bc5 24. Qd2 Be7 25. Rc1 Rd8 26. Nd3 Bf6 27. Rc7 Rd7 28. Qc2 Bd8 29. Rxd7 Qxd7 30. Qc3 Bc7 31. a4 1/2-1/2


[Site "http://www.Chess.com"]

[Event "FIDE World Rapid Chess Championship 2021"]
[White "Van Foreest, Lucas"]
[Black "Chigaev, Maksim"]
[WhiteFideId "1039792"]
[BlackFideId "4108116"]
[WhiteElo "2374"]
[BlackElo "2605"]
[Result "1-0"]
[Round "01"]
[TimeControl "900+10"]
[Date "2021.12.26"]
[WhiteClock "0:09:19"]
[BlackClock "0:00:21"]

1. e4 c5 2. c3 d5 3. exd5 Nf6 4. Qa4+ Nbd7 5. Qb3 b6 6. Nf3 g6 7. Bb5 Bg7 8. Bc6 Rb8 9. d4 O-O 10. Bf4 cxd4 11. Bxb8 Nc5 12. Qc4 e6 13. cxd4 Ba6 14. Bb5 exd5 15. Qe2 Qxb8 16. Bxa6 Re8 17. Ne5 Nfd7 18. O-O Bxe5 19. dxe5 Rxe5 20. Qb5 Rh5 21. g3 Ne5 22. Nd2 Ne4 23. f4 Nxd2 24. fxe5 Nxf1 25. Rxf1 Rxe5 26. Qc6 Qd8 27. Qc8 Qxc8 28. Bxc8 Kg7 29. Ba6 h5 30. Bb7 f5 31. Rf2 Kf6 32. Kf1 g5 33. Re2 a5 34. Rxe5 Kxe5 35. Ke2 Ke4 36. Bc6 h4 37. gxh4 gxh4 38. Kf2 Kd4 39. Kf3 Ke5 40. Bb7 b5 41. Ba8 b4 42. Bc6 Kd6 43. Bb5 Ke5 44. Bd3 f4 45. Bc2 d4 46. b3 d3 47. Bxd3 Kd4 48. Bb5 Kd5 1-0


[Site "http://www.Chess.com"]

[Event "FIDE World Rapid Chess Championship 2021"]
[White "Erdos, Viktor"]
[Black "Kolosowski, Mateusz"]
[WhiteFideId "719978"]
[BlackFideId "1129708"]
[WhiteElo "2601"]
[BlackElo "2371"]
[Result "1-0"]
[Round "01"]
[TimeControl "900+10"]
[Date "2021.12.26"]
[WhiteClock "0:00:00"]
[BlackClock "0:00:00"]

1. e4 e5 2. Nf3 Nc6 3. Bc4 Nf6 4. d3 Be7 5. O-O O-O 6. Re1 d6 7. a4 h6 8. h3 Re8 9. a5 Rb8 10. c3 Bf8 11. Nbd2 Be6 12. Bxe6 Rxe6 13. d4 exd4 14. cxd4 d5 15. e5 Ne4 16. Nxe4 dxe4 17. d5 Re8 18. Rxe4 Nb4 19. Rd4 Bc5 20. Rg4 Kh8 21. Be3 Bxe3 22. Rxb4 Bc5 23. Rc4 b6 24. b4 Bf8 25. Rac1 bxa5 26. bxa5 Rb5 27. Rxc7 Rxd5 28. Qa4 Kg8 29. Rxa7 Bc5 30. Rb7 Re6 31. a6 Qa8 32. a7 Rd8 33. Rb8 Bxf2+ 34. Kxf2 Rxb8 35. axb8=Q+ Qxb8 36. Qc2 Qa7+ 37. Qc5 Qa2+ 38. Kg1 Rg6 39. Qf2 Qe6 40. Kh1 Qf5 41. Re1 Qf4 42. Rf1 Qc4 43. Nh4 Ra6 44. Qf4 Qa2 45. Nf5 Re6 46. Qg3 1-0


[Site "http://www.Chess.com"]

[Event "FIDE World Rapid Chess Championship 2021"]
[White "Vachier-Lagrave, Maxime"]
[Black "Durarbayli, Vasif"]
[WhiteFideId "623539"]
[BlackFideId "13402935"]
[WhiteElo "2773"]
[BlackElo "2532"]
[Result "1/2-1/2"]
[Round "01"]
[TimeControl "900+10"]
[Date "2021.12.26"]
[WhiteClock "0:09:34"]
[BlackClock "0:11:03"]

1. e4 e5 2. Nf3 Nc6 3. Bb5 a6 4. Ba4 Nf6 5. O-O Be7 6. d3 b5 7. Bb3 O-O 8. Nc3 d6 9. a3 h6 10. Re1 Rb8 11. h3 Na5 12. Ba2 c5 13. b4 cxb4 14. axb4 Nc6 15. Rb1 a5 16. bxa5 Qxa5 17. Bd2 b4 18. Nd5 Qxa2 19. Ra1 Qb2 20. Rb1 Qa2 21. Ra1 Qb2 22. Rb1 1/2-1/2


[Site "http://www.Chess.com"]

[Event "FIDE World Rapid Chess Championship 2021"]
[White "Klekowski, Maciej"]
[Black "Caruana, Fabiano"]
[WhiteFideId "1132717"]
[BlackFideId "2020009"]
[WhiteElo "2528"]
[BlackElo "2770"]
[Result "0-1"]
[Round "01"]
[TimeControl "900+10"]
[Date "2021.12.26"]
[WhiteClock "0:00:29"]
[BlackClock "0:00:56"]

1. c4 e5 2. Nc3 Bb4 3. Nd5 Be7 4. d4 d6 5. g3 Nf6 6. Nxf6+ Bxf6 7. d5 O-O 8. Bg2 a5 9. Nf3 Na6 10. O-O Nc5 11. Be3 b6 12. b3 Bf5 13. Nd2 Qd7 14. Bxc5 bxc5 15. e4 Bg4 16. f3 Bh5 17. Nb1 Bg5 18. Qd3 f5 19. Nc3 f4 20. Rf2 Rf6 21. Kf1 fxg3 22. hxg3 Raf8 23. Ke2 Be8 24. Rh1 Qe7 25. Bh3 Bd7 26. Bxd7 Qxd7 27. a4 Bh6 28. Nb5 Qf7 29. Qc3 Qg6 30. Nxc7 Qxg3 31. Rhf1 R6f7 32. Qxa5 Qf4 33. Kd3 Qe3+ 34. Kc2 Bf4 35. Ne6 Rb8 36. Qc3 Rfb7 37. Qxe3 Bxe3 38. Rg2 Rxb3 39. Rxg7+ Kh8 40. Ra1 Rb2+ 41. Kd1 Rh2 42. Rd7 Rg8 43. Rd8 Rxd8 44. Nxd8 Bg5 45. Ra3 Bxd8 46. a5 Rb2 47. a6 Rb8 48. a7 Ra8 49. Ra6 Be7 50. Kc2 h5 51. Kb3 h4 52. Ka4 h3 53. Kb5 h2 54. Ra1 Rxa7 55. Rxa7 h1=Q 56. Rxe7 Qxf3 57. Kc6 Qxe4 58. Kxd6 Qxc4 59. Kxe5 Kg8 60. d6 Kf8 61. Rc7 Ke8 62. Ra7 Qd4+ 63. Ke6 Qe4+ 64. Kf6 Qd5 0-1


[Site "http://www.Chess.com"]

[Event "FIDE World Rapid Chess Championship 2021"]
[White "Wieczorek, Oskar"]
[Black "Mohamed Ahmed , Aly"]
[WhiteFideId "1133950"]
[BlackFideId "10686347"]
[WhiteElo "2367"]
[BlackElo "2602"]
[Result "1-0"]
[Round "01"]
[TimeControl "900+10"]
[Date "2021.12.26"]
[WhiteClock "0:07:13"]
[BlackClock "0:09:22"]

1. e4 c6 2. d4 d5 3. Nd2 dxe4 4. Nxe4 Nd7 5. Ng5 Ndf6 6. Bc4 Nh6 7. N1f3 g6 8. O-O Bg7 9. Ne5 Nd5 10. Ne4 O-O 11. c3 a5 12. a4 Nf5 13. Re1 Qc7 14. Ng3 Nd6 15. Ba2 b6 16. h4 f6 17. Nd3 Kh8 18. Nf4 Nxf4 19. Bxf4 Qd8 20. Be6 Bb7 21. h5 g5 22. Bxd6 exd6 23. h6 Bxh6 24. Qh5 1-0


[Site "http://www.Chess.com"]

[Event "FIDE World Rapid Chess Championship 2021"]
[White "Giri, Anish"]
[Black "Pichot, Alan"]
[WhiteFideId "24116068"]
[BlackFideId "110973"]
[WhiteElo "2767"]
[BlackElo "2523"]
[Result "1/2-1/2"]
[Round "01"]
[TimeControl "900+10"]
[Date "2021.12.26"]
[WhiteClock "0:00:59"]
[BlackClock "0:00:56"]

1. c4 Nf6 2. g3 e6 3. Bg2 d5 4. Nf3 Be7 5. O-O O-O 6. d4 dxc4 7. Qc2 a6 8. a4 c5 9. dxc5 Bxc5 10. Qxc4 Nbd7 11. a5 b5 12. axb6 Bb7 13. Nc3 Rc8 14. Qh4 Nxb6 15. Rd1 Qe7 16. Bg5 h6 17. Bxf6 Qxf6 18. Qxf6 gxf6 19. Ne1 Rc7 20. Na4 Nxa4 21. Rxa4 Be7 22. Bxb7 Rxb7 23. Nd3 Rb6 24. Rda1 Ra8 25. g4 Kg7 26. Kg2 Kg6 27. h3 Bd6 28. f4 f5 29. Kf3 fxg4+ 30. hxg4 Kg7 31. Rc1 Ra7 32. Rcc4 Be7 33. f5 Bf6 34. fxe6 Rxe6 35. Re4 Rb6 36. b4 Bg5 37. Re5 Rc7 38. Raa5 Rc4 39. Rac5 Rd4 40. Rf5 Rd7 41. Rc4 Re7 42. e4 Rd6 43. Ke2 Red7 44. Ne5 Rd2+ 45. Kf3 1/2-1/2


[Site "http://www.Chess.com"]

[Event "FIDE World Rapid Chess Championship 2021"]
[White "Ivic, Velimir"]
[Black "Timofeev, Artyom"]
[WhiteFideId "950122"]
[BlackFideId "4140419"]
[WhiteElo "2357"]
[BlackElo "2591"]
[Result "1/2-1/2"]
[Round "01"]
[TimeControl "900+10"]
[Date "2021.12.26"]
[WhiteClock "0:00:21"]
[BlackClock "0:01:17"]

1. e4 c5 2. Nf3 Nc6 3. Bb5 g6 4. O-O Bg7 5. c3 Nf6 6. Re1 O-O 7. d4 d5 8. e5 Ne4 9. Be3 cxd4 10. cxd4 Qb6 11. Bxc6 Qxc6 12. Nfd2 Rd8 13. f3 Nxd2 14. Qxd2 Bf5 15. Nc3 Rac8 16. Bh6 Bxh6 17. Qxh6 Qb6 18. Qd2 Kg7 19. Rad1 Rc4 20. Qf2 a5 21. Rd2 Qc6 22. g4 Bc8 23. Nd1 Rc1 24. Ne3 Rxe1+ 25. Qxe1 Qb6 26. h4 a4 27. Kg2 Qa5 28. a3 Be6 29. f4 f5 30. g5 Rc8 31. h5 gxh5 32. Qd1 h6 33. gxh6+ Kxh6 34. Kh1 Rg8 35. Rh2 Rg4 36. Nxg4+ fxg4 37. Qb1 Bf5 38. Qxf5 Qe1+ 39. Kg2 Qe2+ 40. Kg1 Qe1+ 41. Kg2 1/2-1/2


[Site "http://www.Chess.com"]

[Event "FIDE World Rapid Chess Championship 2021"]
[White "Murzin, Volodar"]
[Black "Grischuk, Alexander"]
[WhiteFideId "44155573"]
[BlackFideId "4126025"]
[WhiteElo "2523"]
[BlackElo "2763"]
[Result "0-1"]
[Round "01"]
[TimeControl "900+10"]
[Date "2021.12.26"]
[WhiteClock "0:00:32"]
[BlackClock "0:00:52"]

1. e4 e6 2. d3 c5 3. Nd2 Nc6 4. g3 g6 5. Bg2 Bg7 6. Ngf3 Nge7 7. h4 h6 8. O-O d6 9. c3 e5 10. Nc4 Be6 11. h5 g5 12. Ne3 Qd7 13. Nd2 f5 14. exf5 Nxf5 15. Nxf5 Bxf5 16. Nc4 O-O 17. Ne3 Be6 18. c4 Nd4 19. Bd2 g4 20. Be4 Rf3 21. Bc3 Raf8 22. Bxd4 exd4 23. Nd5 Be5 24. Qd2 Kg7 25. Rae1 b5 26. b3 b4 27. Qc1 a5 28. a3 bxa3 29. Qxa3 Qf7 30. Bg6 Qa7 31. Qa4 Bxd5 32. cxd5 Qc7 33. Qc6 Qe7 34. Re4 Kh8 35. Rxg4 Bxg3 36. Be4 Bxf2+ 37. Kg2 R3f6 38. Qa4 Be3 39. Rxf6 Qxf6 40. Qd7 Qf1+ 41. Kh2 Bf4+ 42. Rxf4 Qxf4+ 43. Kh1 Qf1+ 44. Kh2 Rf2+ 45. Kg3 Qg1+ 0-1


[Site "http://www.Chess.com"]

[Event "FIDE World Rapid Chess Championship 2021"]
[White "Karjakin, Sergey"]
[Black "Christiansen, Johan-Sebastian"]
[WhiteFideId "14109603"]
[BlackFideId "1512668"]
[WhiteElo "2757"]
[BlackElo "2522"]
[Result "1/2-1/2"]
[Round "01"]
[TimeControl "900+10"]
[Date "2021.12.26"]
[WhiteClock "0:01:04"]
[BlackClock "0:00:18"]

1. Nf3 d5 2. g3 g6 3. Bg2 Bg7 4. d4 Nf6 5. c4 c6 6. cxd5 cxd5 7. Nc3 O-O 8. Ne5 Nc6 9. O-O Nd7 10. Nxc6 bxc6 11. b3 e5 12. dxe5 Bxe5 13. Bb2 Re8 14. Rc1 Nb6 15. Qd2 a5 16. Rfd1 Bf5 17. e3 Rb8 18. Ba3 Bg4 19. Re1 Qd7 20. Bc5 a4 21. Nxa4 Nxa4 22. bxa4 Rb2 23. Rc2 Reb8 24. Ba3 Rxc2 25. Qxc2 Bf5 26. e4 dxe4 27. Bxe4 Bxe4 28. Qxe4 Bd4 29. Bc1 c5 30. Bf4 Rb2 31. Bh6 Bxf2+ 32. Kh1 Rb8 33. Qe5 Qb7+ 34. Re4 f5 35. Qe6+ Kh8 36. Qf6+ Kg8 37. Qe6+ Kh8 1/2-1/2


[Site "http://www.Chess.com"]

[Event "FIDE World Rapid Chess Championship 2021"]
[White "Quparadze, Giga"]
[Black "Sindarov, Javokhir"]
[WhiteFideId "13602250"]
[BlackFideId "14205483"]
[WhiteElo "2583"]
[BlackElo "2353"]
[Result "1-0"]
[Round "01"]
[TimeControl "900+10"]
[Date "2021.12.26"]
[WhiteClock "0:06:11"]
[BlackClock "0:00:34"]

1. e4 e5 2. Nf3 Nc6 3. Bb5 a6 4. Ba4 Nf6 5. O-O Nxe4 6. d4 b5 7. Bb3 d5 8. dxe5 Be6 9. Nbd2 Nc5 10. c3 Be7 11. Bc2 d4 12. Nb3 d3 13. Bb1 Nxb3 14. axb3 Bf5 15. Be3 O-O 16. Bd4 Qd5 17. Re1 Rfd8 18. Re3 Nxd4 19. cxd4 c5 20. Bxd3 cxd4 21. Re2 Bxd3 22. Qxd3 Rac8 23. Re4 Qe6 24. h3 Bc5 25. Rg4 h6 26. Re1 Rd5 27. Ree4 Bb6 28. Rg3 Bc7 29. Nxd4 Bxe5 30. Rxg7+ Bxg7 31. Rxe6 fxe6 32. Qe3 Rd6 33. Nf3 Rc2 34. Qa7 Kh7 35. Qe7 Rd1+ 36. Kh2 Re2 37. Qf7 Rf1 38. Ng5+ hxg5 39. Qh5+ Kg8 40. Qxe2 1-0


[Site "http://www.Chess.com"]

[Event "FIDE World Rapid Chess Championship 2021"]
[White "Moroni, Luca Jr"]
[Black "Rapport, Richard"]
[WhiteFideId "865834"]
[BlackFideId "738590"]
[WhiteElo "2519"]
[BlackElo "2750"]
[Result "0-1"]
[Round "01"]
[TimeControl "900+10"]
[Date "2021.12.26"]
[WhiteClock "0:00:14"]
[BlackClock "0:00:50"]

1. d4 e6 2. c4 f5 3. g3 Nf6 4. Bg2 Be7 5. Nf3 d5 6. O-O Ne4 7. b3 Nc6 8. Bb2 h5 9. Nbd2 h4 10. e3 hxg3 11. hxg3 Bb4 12. Nxe4 fxe4 13. Ne5 Qg5 14. Qg4 Qh6 15. Qg6+ Qxg6 16. Nxg6 Rh6 17. Nf4 Ne7 18. a3 Bd6 19. f3 Nf5 20. Kf2 Bxf4 21. gxf4 exf3 22. Kxf3 Rh2 23. Rf2 dxc4 24. bxc4 Bd7 25. Ke2 Kf7 26. Rg1 Rah8 27. Bf3 b5 28. c5 b4 29. Rxh2 Rxh2+ 30. Rg2 bxa3 31. Bxa3 Rh3 32. Bc1 Bb5+ 33. Kf2 a5 34. Bg4 Rh1 35. Rg1 Rh2+ 36. Rg2 Rxg2+ 37. Kxg2 Bc6+ 38. Kf2 a4 39. Bb2 Ne7 40. Ke2 Nd5 41. f5 exf5 42. Bxf5 Nf6 43. Bc2 g5 44. Kf2 Ke6 45. Bb1 Be4 46. Ba2+ Kf5 47. Bc4 c6 48. Ba6 Kg4 49. Be2+ Kh4 50. Bd1 g4 51. Bxa4 g3+ 52. Kg1 Ng4 53. d5 Nf2 54. Bf6+ Kg4 55. Bxc6 Nh3+ 0-1


[Site "http://www.Chess.com"]

[Event "FIDE World Rapid Chess Championship 2021"]
[White "Nasuta, Grzegorz"]
[Black "Gareyev, Timur"]
[WhiteFideId "1141686"]
[BlackFideId "14200937"]
[WhiteElo "2345"]
[BlackElo "2578"]
[Result "0-1"]
[Round "01"]
[TimeControl "900+10"]
[Date "2021.12.26"]
[WhiteClock "0:00:36"]
[BlackClock "0:05:22"]

1. e4 d6 2. d4 g6 3. Nc3 Bg7 4. Be3 a6 5. Qd2 b5 6. O-O-O Nd7 7. h4 Ngf6 8. f3 h6 9. g4 Nb6 10. Nh3 b4 11. Nb1 a5 12. Nf4 Nfd7 13. e5 e6 14. exd6 Bb7 15. d5 Qf6 16. c3 e5 17. dxc7 Qd6 18. Bb5 O-O 19. Nxg6 fxg6 0-1


[Site "http://www.Chess.com"]

[Event "FIDE World Rapid Chess Championship 2021"]
[White "Halkias, Stelios"]
[Black "Teclaf, Pawel"]
[WhiteFideId "4201809"]
[BlackFideId "1185934"]
[WhiteElo "2576"]
[BlackElo "2345"]
[Result "1/2-1/2"]
[Round "01"]
[TimeControl "900+10"]
[Date "2021.12.26"]
[WhiteClock "0:01:26"]
[BlackClock "0:00:33"]

1. Nf3 Nf6 2. c4 b6 3. g3 Bb7 4. Bg2 g6 5. d4 Bg7 6. O-O O-O 7. d5 e6 8. Nc3 exd5 9. cxd5 Re8 10. Nd4 Na6 11. Ndb5 d6 12. Qc2 Qd7 13. Rd1 Nc5 14. Nd4 a5 15. h3 Ba6 16. a4 Qc8 17. b3 Nfd7 18. Bb2 h5 19. Ncb5 Ne5 20. e3 Bb7 21. Nc6 Bxc6 22. dxc6 Na6 23. Rac1 Nb4 24. Qe2 Ned3 25. Bxg7 Nxc1 26. Qb2 Ncd3 27. Qc3 Qf5 28. Rd2 Rac8 29. Bh6 Ne5 30. f4 1/2-1/2


[Site "http://www.Chess.com"]

[Event "FIDE World Rapid Chess Championship 2021"]
[White "Wojtaszek, Radoslaw"]
[Black "Michalik, Peter"]
[WhiteFideId "1118358"]
[BlackFideId "14907526"]
[WhiteElo "2743"]
[BlackElo "2515"]
[Result "1/2-1/2"]
[Round "01"]
[TimeControl "900+10"]
[Date "2021.12.26"]
[WhiteClock "0:00:38"]
[BlackClock "0:01:36"]

1. c4 e6 2. Nc3 d5 3. d4 Nf6 4. cxd5 exd5 5. Bg5 Be7 6. e3 c6 7. Bd3 h6 8. Bf4 O-O 9. h3 Bd6 10. Bxd6 Qxd6 11. Nf3 Re8 12. Qc2 Nbd7 13. O-O Qe7 14. Rab1 Ne4 15. b4 a6 16. a4 Ndf6 17. b5 axb5 18. axb5 Bf5 19. bxc6 bxc6 20. Ne5 c5 21. Nxe4 Bxe4 22. Bxe4 Nxe4 23. Rb5 cxd4 24. exd4 Rac8 25. Qb2 f6 26. Ng4 Nc3 27. Rb3 Ne2+ 28. Kh1 Nf4 29. Re3 Qd7 30. Qd2 Rxe3 31. Qxe3 Qf5 32. Qf3 Qe4 33. Nxf6+ gxf6 34. Qg4+ Kf7 35. f3 Qe2 36. Qd7+ Kg6 37. Qg4+ Kf7 38. Qd7+ Kg6 39. Qg4+ 1/2-1/2


[Site "http://www.Chess.com"]

[Event "FIDE World Rapid Chess Championship 2021"]
[White "Petrosyan, Manuel"]
[Black "Dubov, Daniil"]
[WhiteFideId "13300857"]
[BlackFideId "24126055"]
[WhiteElo "2514"]
[BlackElo "2735"]
[Result "0-1"]
[Round "01"]
[TimeControl "900+10"]
[Date "2021.12.26"]
[WhiteClock "0:00:56"]
[BlackClock "0:06:13"]

1. d4 d5 2. Nf3 Nf6 3. Bf4 g6 4. h3 Bg7 5. e3 O-O 6. Be2 c5 7. Nbd2 Nc6 8. c3 Nd7 9. Nb3 b6 10. a4 e5 11. Bg3 Qe7 12. O-O Rd8 13. Bb5 Bb7 14. a5 Rac8 15. axb6 axb6 16. Re1 h6 17. Nbd2 Ra8 18. Rxa8 Rxa8 19. e4 dxe4 20. Nxe4 cxd4 21. cxd4 Qb4 22. Bxc6 Bxc6 23. d5 Bb7 24. Qd2 Qxd2 25. Nexd2 Bxd5 26. Bxe5 Nxe5 27. Nxe5 Re8 28. Ndf3 Bxf3 29. Nxf3 Rxe1+ 30. Nxe1 Bxb2 31. Kf1 Kg7 32. Ke2 Kf6 33. Kd3 Ke5 34. Nc2 Kd5 35. Ne3+ Kc5 36. Nc4 Bg7 37. Nd2 b5 38. Ne4+ Kd5 39. Nd2 Bd4 40. f3 Be5 41. Nb3 Bc7 42. Kc3 Bd6 43. Kd3 Be5 44. Na5 Bg7 45. Nb3 Bf6 46. Nd2 Bd8 47. Nb3 h5 48. Kc3 Bf6+ 49. Kd3 Be5 50. Na5 h4 51. Nb3 Bf6 52. Nd2 Bg7 53. Nb3 Be5 54. Na5 Kc5 55. Nb7+ Kb4 56. Nd8 Ka3 57. Nxf7 Bc7 58. Ng5 b4 59. Ne4 b3 60. Nd2 g5 61. Nb1+ Ka2 62. Nc3+ Ka1 63. Na4 b2 64. Nxb2 Kxb2 65. Ke2 Bf4 66. Kf2 Kc3 67. Ke2 Kc2 68. Ke1 Kd3 69. Kf2 Kd2 70. Kf1 Be3 0-1


[Site "http://www.Chess.com"]

[Event "FIDE World Rapid Chess Championship 2021"]
[White "Sargsyan, Shant"]
[Black "Bluebaum, Matthias"]
[WhiteFideId "13306766"]
[BlackFideId "24651516"]
[WhiteElo "2344"]
[BlackElo "2575"]
[Result "1-0"]
[Round "01"]
[TimeControl "900+10"]
[Date "2021.12.26"]
[WhiteClock "0:02:14"]
[BlackClock "0:00:13"]

1. d4 d5 2. c4 e6 3. Nf3 Nf6 4. g3 Bb4+ 5. Bd2 a5 6. Bg2 O-O 7. Qc1 Be7 8. O-O c6 9. Bf4 Nbd7 10. Rd1 Nh5 11. Bd2 Nhf6 12. b3 b6 13. Bc3 Bb7 14. Nbd2 Qc7 15. Qc2 c5 16. dxc5 bxc5 17. cxd5 exd5 18. Rac1 Rfd8 19. Nh4 Qb8 20. e3 Bf8 21. Qb2 Ra6 22. a4 Bc6 23. Nf5 Qa8 24. Bxf6 Nxf6 25. Nh6+ gxh6 26. Qxf6 Bxa4 27. Qh4 Bc6 28. Ne4 Bg7 29. Nxc5 Rb6 30. Nd3 Bb7 31. Nf4 d4 32. Bxb7 Rxb7 33. Nh5 Rb5 34. Nxg7 Kxg7 35. Rxd4 Rxd4 36. Qxd4+ Kg6 37. Qd3+ 1-0


[Site "http://www.Chess.com"]